2801 views
Uploaded 2020-03-15 22:38:08
Game version 1.32.2
23:04 long 3on3 ladder game on (6)StranglethornVale
Saved by BEARAND
2801 views
Uploaded 2020-03-15 22:38:08
Game version 1.32.2
23:04 long 3on3 ladder game on (6)StranglethornVale


75 units @ 7.1k
/ 0.3k
188 buildings @ 9.8k
/ 5.2k



| Potion of Healing | 3 | 450 |
| Staff of Sanctuary | 3 | 750 |
| Orb of Fire | 2 | 650 |
| Mechanical Critter | 2 | 100 |
| Scroll of Regeneration | 1 | 100 |
| Lesser Clarity Potion | 2 | 140 |
| Potion of Mana | 1 | 200 |
| Boots of Speed | 3 | 750 |
| Potion of Invisibility | 1 | 100 |
| Staff of Teleportation | 3 | 450 |
| Periapt of Vitality | 1 | 325 |
| total: | 22 | 4015g |
| Peasant | 15 | 1125 | / | 0 |
| Priest | 2 | 270 | / | 20 |
| Dragonhawk Rider | 5 | 1000 | / | 150 |
| total: | 22 | 2395g | / | 170w |
| Scout Tower | 36 | 1080 | / | 720 |
| Arcane Tower | 5 | 350 | / | 250 |
| Guard Tower | 27 | 1890 | / | 1350 |
| Altar of Kings | 1 | 180 | / | 50 |
| Farm | 5 | 400 | / | 100 |
| Lumber Mill | 1 | 120 | / | 0 |
| Arcane Vault | 2 | 260 | / | 60 |
| Town Hall | 1 | 385 | / | 205 |
| Blacksmith | 1 | 140 | / | 60 |
| Barracks | 1 | 160 | / | 60 |
| Arcane Sanctum | 1 | 150 | / | 140 |
| Gryphon Aviary | 1 | 140 | / | 150 |
| Keep | 1 | 320 | / | 210 |
| Castle | 1 | 360 | / | 210 |
| total: | 50 | 3015g | / | 1545w |
| 0:01 | Peasant |
| 0:07 | Altar of Kings |
| 0:16 | Peasant |
| 0:18 | Farm |
| 0:23 | Peasant |
| 0:24 | Peasant |
| 0:34 | Peasant |
| 0:35 | Peasant |
| 0:42 | Peasant |
| 0:50 | Lumber Mill |
| 0:56 | Peasant |
| 1:00 | Peasant |
| 1:19 | Farm |
| 1:21 | Peasant |
| 1:26 | Scout Tower |
| 1:30 | Peasant |
| 1:36 | Scout Tower |
| 1:52 | Peasant |
| 1:53 | Arcane Tower |
| 2:05 | Blizzard |
| 2:10 | Scout Tower |
| 2:30 | Guard Tower |
| 2:31 | Peasant |
| 2:31 | Peasant |
| 2:58 | Guard Tower |
| 2:59 | Scout Tower |
| 2:59 | Scout Tower |
| 3:00 | Scout Tower |
| 3:01 | Scout Tower |
| 3:04 | Peasant |
| 3:24 | Guard Tower |
| 3:51 | Brilliance Aura |
| 4:00 | Keep |
| 4:00 | Guard Tower |
| 4:03 | Improved Masonry |
| 4:22 | Guard Tower |
| 4:27 | Boots of Speed |
| 4:32 | Farm |
| 4:33 | Farm |
| 4:51 | Guard Tower |
| 4:53 | Scout Tower |
| 4:54 | Scout Tower |
| 4:55 | Scout Tower |
| 4:59 | Scout Tower |
| 5:07 | Scout Tower |
| 5:08 | Scout Tower |
| 5:09 | Scout Tower |
| 5:09 | Scout Tower |
| 5:26 | Arcane Vault |
| 6:04 | Guard Tower |
| 6:09 | Scout Tower |
| 6:10 | Scout Tower |
| 6:12 | Scout Tower |
| 6:13 | Scout Tower |
| 6:16 | Guard Tower |
| 6:17 | Guard Tower |
| 6:45 | Blizzard |
| 6:57 | Guard Tower |
| 6:59 | Guard Tower |
| 7:08 | Potion of Healing |
| 7:34 | Potion of Invisibility |
| 7:51 | Staff of Teleportation |
| 8:06 | Storm Bolt |
| 8:16 | Town Hall |
| 8:39 | Guard Tower |
| 8:42 | Scout Tower |
| 8:43 | Scout Tower |
| 8:45 | Scout Tower |
| 9:02 | Arcane Vault |
| 9:37 | Boots of Speed |
| 9:48 | Castle |
| 9:53 | Staff of Teleportation |
| 10:00 | Advanced Masonry |
| 10:51 | Arcane Sanctum |
| 10:52 | Guard Tower |
| 10:52 | Arcane Tower |
| 11:05 | Periapt of Vitality |
| 11:09 | Arcane Tower |
| 11:32 | Guard Tower |
| 11:37 | Scout Tower |
| 11:39 | Scout Tower |
| 11:39 | Scout Tower |
| 12:17 | Potion of Healing |
| 12:27 | Priest |
| 12:28 | Magic Sentry |
| 12:37 | Staff of Sanctuary |
| 12:45 | Guard Tower |
| 12:48 | Scout Tower |
| 12:49 | Scout Tower |
| 13:03 | Scout Tower |
| 13:09 | Potion of Healing |
| 13:16 | Holy Light |
| 13:20 | Orb of Fire |
| 13:22 | Orb of Fire |
| 13:22 | Staff of Sanctuary |
| 13:30 | Guard Tower |
| 13:33 | Priest Adept Training |
| 13:34 | Priest |
| 13:39 | Guard Tower |
| 13:39 | Guard Tower |
| 13:46 | Scout Tower |
| 13:46 | Scout Tower |
| 14:00 | Imbued Masonry |
| 14:12 | Mechanical Critter |
| 14:12 | Mechanical Critter |
| 14:26 | Guard Tower |
| 14:33 | Gryphon Aviary |
| 14:34 | Blacksmith |
| 14:35 | Barracks |
| 14:39 | Scout Tower |
| 14:40 | Scout Tower |
| 14:41 | Scout Tower |
| 14:42 | Scout Tower |
| 15:06 | Boots of Speed |
| 15:06 | Staff of Teleportation |
| 15:30 | Guard Tower |
| 15:36 | Guard Tower |
| 15:59 | Scroll of Regeneration |
| 16:00 | Staff of Sanctuary |
| 16:20 | Brilliance Aura |
| 16:28 | Guard Tower |
| 17:20 | Lesser Clarity Potion |
| 17:24 | Lesser Clarity Potion |
| 17:26 | Potion of Mana |
| 17:34 | Dragonhawk Rider |
| 17:35 | Dragonhawk Rider |
| 17:36 | Farm |
| 17:38 | Iron Forged Swords |
| 17:38 | Studded Leather Armor |
| 17:45 | Scout Tower |
| 17:46 | Scout Tower |
| 18:07 | Dragonhawk Rider |
| 18:21 | Arcane Tower |
| 19:35 | Bash |
| 21:30 | Dragonhawk Rider |
| 21:31 | Cloud |
| 21:31 | Steel Forged Swords |
| 21:31 | Reinforced Leather Armor |
| 21:43 | Dragonhawk Rider |
| 21:56 | Guard Tower |
| 22:32 | Divine Shield |
| Right click | 2377 |
| Select | 871 |
| Select group | 366 |
| Build/train/purchase | 147 |
| Chat | 107 |
| Use ability | 74 |
| Assign group | 17 |
| Item give/drop | 12 |
| Minimap ping | 6 |
| Misc. action | 5 |
| Resource trade | 5 |



| Scroll of Regeneration | 1 | 100 |
| Orb of Fire | 2 | 650 |
| Staff of Sanctuary | 3 | 750 |
| Boots of Speed | 3 | 750 |
| Staff of Teleportation | 3 | 450 |
| Periapt of Vitality | 2 | 650 |
| Circlet of Nobility | 3 | 525 |
| total: | 17 | 3875g |
| Peasant | 23 | 1725 | / | 0 |
| Dragonhawk Rider | 3 | 600 | / | 90 |
| Priest | 1 | 135 | / | 10 |
| total: | 27 | 2460g | / | 100w |
| Scout Tower | 68 | 2040 | / | 1360 |
| Arcane Tower | 7 | 490 | / | 350 |
| Guard Tower | 29 | 2030 | / | 1450 |
| Altar of Kings | 1 | 180 | / | 50 |
| Farm | 5 | 400 | / | 100 |
| Lumber Mill | 1 | 120 | / | 0 |
| Arcane Vault | 3 | 390 | / | 90 |
| Town Hall | 1 | 385 | / | 205 |
| Blacksmith | 1 | 140 | / | 60 |
| Barracks | 1 | 160 | / | 60 |
| Arcane Sanctum | 1 | 150 | / | 140 |
| Gryphon Aviary | 1 | 140 | / | 150 |
| Keep | 1 | 320 | / | 210 |
| Castle | 1 | 360 | / | 210 |
| total: | 83 | 4105g | / | 2215w |
| 0:03 | Peasant |
| 0:03 | Peasant |
| 0:05 | Altar of Kings |
| 0:08 | Farm |
| 0:12 | Peasant |
| 0:19 | Peasant |
| 0:33 | Peasant |
| 0:48 | Peasant |
| 0:59 | Farm |
| 1:03 | Scout Tower |
| 1:06 | Peasant |
| 1:20 | Lumber Mill |
| 1:28 | Scout Tower |
| 1:29 | Arcane Tower |
| 1:31 | Peasant |
| 1:46 | Scout Tower |
| 1:49 | Peasant |
| 2:04 | Blizzard |
| 2:07 | Guard Tower |
| 2:18 | Peasant |
| 2:18 | Peasant |
| 2:18 | Peasant |
| 2:30 | Guard Tower |
| 2:33 | Scout Tower |
| 2:58 | Peasant |
| 2:59 | Peasant |
| 3:02 | Arcane Vault |
| 3:21 | Peasant |
| 3:23 | Farm |
| 3:31 | Brilliance Aura |
| 3:46 | Guard Tower |
| 3:51 | Boots of Speed |
| 3:51 | Staff of Teleportation |
| 3:54 | Periapt of Vitality |
| 4:10 | Scout Tower |
| 4:30 | Keep |
| 4:47 | Guard Tower |
| 4:49 | Scout Tower |
| 5:08 | Scout Tower |
| 5:09 | Scout Tower |
| 5:11 | Scout Tower |
| 5:12 | Scout Tower |
| 5:37 | Guard Tower |
| 5:41 | Town Hall |
| 5:44 | Scout Tower |
| 5:45 | Scout Tower |
| 5:47 | Scroll of Regeneration |
| 5:49 | Guard Tower |
| 5:56 | Guard Tower |
| 6:04 | Guard Tower |
| 6:13 | Guard Tower |
| 6:20 | Guard Tower |
| 6:32 | Scout Tower |
| 6:44 | Blizzard |
| 6:47 | Guard Tower |
| 7:00 | Scout Tower |
| 7:01 | Scout Tower |
| 7:02 | Scout Tower |
| 7:02 | Scout Tower |
| 7:05 | Scout Tower |
| 7:31 | Improved Masonry |
| 7:36 | Arcane Sanctum |
| 7:48 | Guard Tower |
| 8:01 | Arcane Tower |
| 8:07 | Storm Bolt |
| 8:15 | Guard Tower |
| 8:20 | Guard Tower |
| 8:29 | Scout Tower |
| 8:32 | Peasant |
| 8:33 | Peasant |
| 8:43 | Peasant |
| 8:43 | Peasant |
| 8:45 | Guard Tower |
| 8:53 | Magic Sentry |
| 9:00 | Peasant |
| 9:03 | Peasant |
| 9:04 | Improved Lumber Harvesting |
| 9:08 | Guard Tower |
| 9:10 | Scout Tower |
| 9:36 | Castle |
| 9:38 | Peasant |
| 9:38 | Peasant |
| 9:48 | Guard Tower |
| 9:51 | Scout Tower |
| 9:58 | Scout Tower |
| 10:02 | Advanced Masonry |
| 10:15 | Arcane Vault |
| 10:15 | Arcane Vault |
| 10:47 | Circlet of Nobility |
| 10:48 | Boots of Speed |
| 10:52 | Arcane Tower |
| 10:54 | Scout Tower |
| 10:54 | Scout Tower |
| 10:55 | Scout Tower |
| 10:55 | Scout Tower |
| 11:01 | Guard Tower |
| 11:04 | Scout Tower |
| 11:11 | Gryphon Aviary |
| 11:12 | Blacksmith |
| 11:15 | Barracks |
| 11:27 | Guard Tower |
| 11:33 | Scout Tower |
| 11:34 | Scout Tower |
| 11:42 | Arcane Tower |
| 11:50 | Scout Tower |
| 11:56 | Arcane Tower |
| 12:03 | Orb of Fire |
| 12:03 | Staff of Sanctuary |
| 12:06 | Staff of Sanctuary |
| 13:09 | Guard Tower |
| 13:10 | Scout Tower |
| 13:11 | Scout Tower |
| 13:13 | Scout Tower |
| 13:15 | Scout Tower |
| 13:18 | Farm |
| 13:20 | Farm |
| 13:23 | Holy Light |
| 13:30 | Imbued Masonry |
| 13:39 | Orb of Fire |
| 13:40 | Guard Tower |
| 13:46 | Studded Leather Armor |
| 13:47 | Animal War Training |
| 13:48 | Guard Tower |
| 13:50 | Cloud |
| 14:05 | Advanced Lumber Harvesting |
| 14:47 | Guard Tower |
| 14:48 | Scout Tower |
| 14:48 | Scout Tower |
| 14:53 | Dragonhawk Rider |
| 14:53 | Dragonhawk Rider |
| 14:53 | Dragonhawk Rider |
| 14:55 | Reinforced Leather Armor |
| 14:55 | Iron Forged Swords |
| 14:58 | Arcane Tower |
| 15:10 | Scout Tower |
| 15:11 | Scout Tower |
| 15:12 | Scout Tower |
| 15:13 | Scout Tower |
| 15:26 | Staff of Teleportation |
| 15:27 | Boots of Speed |
| 15:29 | Periapt of Vitality |
| 15:29 | Circlet of Nobility |
| 15:48 | Guard Tower |
| 15:51 | Scout Tower |
| 15:54 | Scout Tower |
| 15:55 | Scout Tower |
| 15:56 | Scout Tower |
| 15:59 | Scout Tower |
| 16:54 | Guard Tower |
| 16:57 | Priest Adept Training |
| 17:06 | Priest |
| 17:10 | Dragonhide Armor |
| 17:11 | Steel Forged Swords |
| 17:17 | Scout Tower |
| 17:18 | Scout Tower |
| 17:20 | Scout Tower |
| 17:20 | Scout Tower |
| 18:06 | Staff of Teleportation |
| 18:10 | Circlet of Nobility |
| 18:23 | Guard Tower |
| 18:25 | Scout Tower |
| 18:26 | Scout Tower |
| 18:27 | Scout Tower |
| 18:32 | Staff of Sanctuary |
| 18:55 | Thunder Clap |
| 20:27 | Divine Shield |
| 20:51 | Guard Tower |
| 20:52 | Scout Tower |
| 20:53 | Scout Tower |
| 21:10 | Scout Tower |
| 21:11 | Scout Tower |
| 21:11 | Scout Tower |
| 21:12 | Scout Tower |
| 21:13 | Scout Tower |
| 21:13 | Scout Tower |
| 21:15 | Scout Tower |
| 21:15 | Scout Tower |
| 21:18 | Priest Master Training |
| 21:42 | Guard Tower |
| 21:45 | Guard Tower |
| 21:48 | Scout Tower |
| 21:49 | Scout Tower |
| 21:49 | Scout Tower |
| 21:51 | Arcane Tower |
| 21:57 | Scout Tower |
| 21:58 | Scout Tower |
| 21:58 | Scout Tower |
| 22:53 | Brilliance Aura |
| Right click | 1344 |
| Select group | 941 |
| Select | 251 |
| Build/train/purchase | 125 |
| Use ability | 69 |
| Chat | 53 |
| Misc. action | 46 |
| Assign group | 15 |
| Minimap ping | 11 |
| Item give/drop | 5 |
| Resource trade | 5 |
| Esc | 1 |
⇛
iggythefisk
(22:58) : 

x1)
| Scroll of Regeneration | 2 | 200 |
| Staff of Sanctuary | 2 | 500 |
| Orb of Fire | 2 | 650 |
| Potion of Healing | 1 | 150 |
| Potion of Mana | 1 | 200 |
| Lesser Clarity Potion | 2 | 140 |
| Mechanical Critter | 2 | 100 |
| Boots of Speed | 2 | 500 |
| Staff of Teleportation | 2 | 300 |
| Tome of Retraining | 1 | 300 |
| total: | 17 | 3040g |
| Peasant | 23 | 1725 | / | 0 |
| Priest | 2 | 270 | / | 20 |
| Goblin Zeppelin | 1 | 240 | / | 60 |
| total: | 26 | 2235g | / | 80w |
| Scout Tower | 46 | 1380 | / | 920 |
| Arcane Tower | 5 | 350 | / | 250 |
| Guard Tower | 33 | 2310 | / | 1650 |
| Altar of Kings | 1 | 180 | / | 50 |
| Farm | 3 | 240 | / | 60 |
| Lumber Mill | 1 | 120 | / | 0 |
| Arcane Vault | 2 | 260 | / | 60 |
| Town Hall | 1 | 385 | / | 205 |
| Arcane Sanctum | 1 | 150 | / | 140 |
| Keep | 1 | 320 | / | 210 |
| Castle | 1 | 360 | / | 210 |
| total: | 55 | 2715g | / | 1435w |
| 0:01 | Peasant |
| 0:03 | Altar of Kings |
| 0:06 | Peasant |
| 0:18 | Farm |
| 0:20 | Peasant |
| 0:31 | Lumber Mill |
| 0:32 | Peasant |
| 0:47 | Peasant |
| 0:58 | Farm |
| 0:59 | Peasant |
| 1:07 | Peasant |
| 1:19 | Peasant |
| 1:24 | Peasant |
| 1:30 | Scout Tower |
| 1:33 | Scout Tower |
| 1:34 | Peasant |
| 1:53 | Improved Masonry |
| 1:56 | Arcane Tower |
| 2:04 | Storm Bolt |
| 2:17 | Peasant |
| 2:19 | Scout Tower |
| 2:30 | Peasant |
| 2:40 | Guard Tower |
| 2:55 | Arcane Vault |
| 2:56 | Peasant |
| 2:57 | Peasant |
| 3:09 | Peasant |
| 3:17 | Guard Tower |
| 3:20 | Bash |
| 3:21 | Peasant |
| 3:43 | Scout Tower |
| 3:51 | Scout Tower |
| 4:12 | Keep |
| 4:27 | Guard Tower |
| 4:29 | Scout Tower |
| 4:29 | Scout Tower |
| 4:36 | Arcane Tower |
| 4:38 | Farm |
| 5:08 | Scout Tower |
| 5:09 | Scout Tower |
| 5:17 | Guard Tower |
| 5:23 | Scout Tower |
| 5:29 | Guard Tower |
| 5:35 | Boots of Speed |
| 5:35 | Staff of Teleportation |
| 5:41 | Guard Tower |
| 5:54 | Guard Tower |
| 6:15 | Guard Tower |
| 6:22 | Storm Bolt |
| 6:39 | Scroll of Regeneration |
| 6:41 | Town Hall |
| 6:46 | Scout Tower |
| 6:47 | Scout Tower |
| 6:59 | Peasant |
| 6:59 | Peasant |
| 7:09 | Advanced Masonry |
| 7:51 | Guard Tower |
| 7:52 | Guard Tower |
| 7:53 | Scout Tower |
| 7:56 | Holy Light |
| 8:10 | Arcane Sanctum |
| 8:20 | Guard Tower |
| 8:55 | Castle |
| 9:00 | Scout Tower |
| 9:04 | Scout Tower |
| 9:13 | Improved Lumber Harvesting |
| 9:16 | Scout Tower |
| 9:19 | Scout Tower |
| 9:25 | Magic Sentry |
| 9:46 | Peasant |
| 9:46 | Peasant |
| 9:50 | Scout Tower |
| 9:52 | Peasant |
| 9:54 | Guard Tower |
| 9:57 | Scout Tower |
| 9:57 | Scout Tower |
| 10:08 | Priest Adept Training |
| 10:08 | Priest |
| 10:11 | Guard Tower |
| 10:23 | Scout Tower |
| 10:39 | Guard Tower |
| 10:49 | Guard Tower |
| 10:50 | Arcane Vault |
| 10:51 | Guard Tower |
| 10:53 | Guard Tower |
| 11:00 | Scout Tower |
| 11:22 | Staff of Sanctuary |
| 11:23 | Orb of Fire |
| 11:28 | Guard Tower |
| 12:04 | Peasant |
| 12:04 | Peasant |
| 12:21 | Scout Tower |
| 12:22 | Scout Tower |
| 12:29 | Scout Tower |
| 12:30 | Scout Tower |
| 12:43 | Staff of Sanctuary |
| 12:59 | Orb of Fire |
| 13:11 | Boots of Speed |
| 13:12 | Staff of Teleportation |
| 13:21 | Divine Shield |
| 13:29 | Guard Tower |
| 13:31 | Scout Tower |
| 13:33 | Arcane Tower |
| 13:34 | Guard Tower |
| 13:58 | Guard Tower |
| 14:00 | Scout Tower |
| 14:01 | Scout Tower |
| 14:09 | Scout Tower |
| 14:10 | Scout Tower |
| 15:09 | Priest |
| 15:12 | Potion of Healing |
| 15:18 | Guard Tower |
| 15:19 | Scout Tower |
| 15:22 | Scout Tower |
| 15:35 | Thunder Clap |
| 15:44 | Tome of Retraining |
| 15:44 | Retrain Hero |
| 15:46 | Storm Bolt |
| 15:47 | Storm Bolt |
| 15:47 | Thunder Clap |
| 15:51 | Guard Tower |
| 15:53 | Scout Tower |
| 15:55 | Guard Tower |
| 15:56 | Scout Tower |
| 16:00 | Potion of Mana |
| 17:22 | Guard Tower |
| 17:25 | Guard Tower |
| 17:32 | Scout Tower |
| 17:38 | Scout Tower |
| 17:44 | Lesser Clarity Potion |
| 17:45 | Mechanical Critter |
| 17:49 | Mechanical Critter |
| 17:59 | Guard Tower |
| 18:05 | Guard Tower |
| 19:35 | Holy Light |
| 20:52 | Lesser Clarity Potion |
| 20:54 | Scroll of Regeneration |
| 21:12 | Scout Tower |
| 21:33 | Scout Tower |
| 21:34 | Scout Tower |
| 21:35 | Scout Tower |
| 21:42 | Guard Tower |
| 21:44 | Scout Tower |
| 21:49 | Scout Tower |
| 21:50 | Scout Tower |
| 22:14 | Guard Tower |
| 22:21 | Goblin Zeppelin |
| 22:28 | Scout Tower |
| 22:29 | Scout Tower |
| 22:35 | Priest Master Training |
| 22:36 | Imbued Masonry |
| 22:37 | Advanced Lumber Harvesting |
| 22:39 | Arcane Tower |
| 22:39 | Guard Tower |
| 22:43 | Guard Tower |
| Right click | 1397 |
| Select group | 634 |
| Assign group | 443 |
| Select | 334 |
| Build/train/purchase | 166 |
| Use ability | 60 |
| Chat | 37 |
| Item give/drop | 13 |
| Minimap ping | 8 |
| Resource trade | 5 |
| Misc. action | 1 |
100 units @ 16.3k
/ 3.3k
66 buildings @ 8k
/ 3.3k

| Peasant | 9 | 675 | / | 0 |
| Rifleman | 6 | 1230 | / | 180 |
| Mortar Team | 11 | 1980 | / | 770 |
| Gryphon Rider | 5 | 1400 | / | 350 |
| total: | 31 | 5285g | / | 1300w |
| Altar of Kings | 1 | 180 | / | 50 |
| Farm | 12 | 960 | / | 240 |
| Barracks | 2 | 320 | / | 120 |
| Blacksmith | 1 | 140 | / | 60 |
| Lumber Mill | 1 | 120 | / | 0 |
| Arcane Vault | 1 | 130 | / | 30 |
| Town Hall | 1 | 385 | / | 205 |
| Workshop | 2 | 280 | / | 280 |
| Gryphon Aviary | 2 | 280 | / | 300 |
| Keep | 1 | 320 | / | 210 |
| Castle | 1 | 360 | / | 210 |
| total: | 23 | 2795g | / | 1285w |
| 0:05 | Altar of Kings |
| 0:07 | Farm |
| 0:08 | Barracks |
| 0:11 | Peasant |
| 0:31 | Peasant |
| 0:58 | Peasant |
| 0:58 | Peasant |
| 0:59 | Peasant |
| 1:06 | Peasant |
| 1:06 | Peasant |
| 1:22 | Farm |
| 2:11 | Blacksmith |
| 2:14 | Summon Water Elemental |
| 2:22 | Lumber Mill |
| 2:46 | Barracks |
| 3:50 | Rifleman |
| 3:56 | Farm |
| 4:09 | Farm |
| 4:11 | Rifleman |
| 4:55 | Rifleman |
| 4:57 | Keep |
| 6:25 | Blizzard |
| 6:36 | Rifleman |
| 6:41 | Farm |
| 7:06 | Rifleman |
| 7:06 | Rifleman |
| 7:10 | Farm |
| 7:44 | Workshop |
| 7:45 | Workshop |
| 8:08 | Peasant |
| 8:31 | Long Rifles |
| 9:08 | Mortar Team |
| 9:09 | Mortar Team |
| 9:36 | Peasant |
| 9:55 | Farm |
| 10:04 | Mortar Team |
| 10:26 | Mortar Team |
| 10:34 | Farm |
| 10:37 | Mortar Team |
| 12:57 | Mortar Team |
| 12:57 | Mortar Team |
| 13:17 | Gryphon Aviary |
| 13:18 | Gryphon Aviary |
| 14:57 | Mortar Team |
| 16:05 | Castle |
| 16:18 | Arcane Vault |
| 18:13 | Mortar Team |
| 18:14 | Mortar Team |
| 18:14 | Mortar Team |
| 18:28 | Gryphon Rider |
| 18:28 | Gryphon Rider |
| 18:35 | Farm |
| 18:38 | Farm |
| 19:12 | Storm Hammers |
| 20:18 | Gryphon Rider |
| 20:37 | Gryphon Rider |
| 20:57 | Gryphon Rider |
| 21:17 | Farm |
| 21:21 | Farm |
| 22:23 | Town Hall |
| Select | 292 |
| Right click | 157 |
| Select group | 76 |
| Chat | 53 |
| Build/train/purchase | 42 |
| Misc. action | 36 |
| Assign group | 22 |
| Resource trade | 4 |
| Use ability | 3 |
| Remove unit | 3 |
| Esc | 2 |


| Scroll of Regeneration | 1 | 100 |
| Scroll of Healing | 2 | 500 |
| Potion of Lesser Invulnerability | 3 | 450 |
| Scroll of Protection | 2 | 300 |
| total: | 8 | 1350g |
| Peasant | 11 | 825 | / | 0 |
| Footman | 5 | 675 | / | 0 |
| Rifleman | 5 | 1025 | / | 150 |
| Mortar Team | 4 | 720 | / | 280 |
| Gryphon Rider | 7 | 1960 | / | 490 |
| Dragonhawk Rider | 1 | 200 | / | 30 |
| Siege Engine | 3 | 585 | / | 180 |
| Goblin Shredder | 1 | 375 | / | 100 |
| total: | 37 | 6365g | / | 1230w |
| Scout Tower | 10 | 300 | / | 200 |
| Arcane Tower | 2 | 140 | / | 100 |
| Guard Tower | 7 | 490 | / | 350 |
| Barracks | 1 | 160 | / | 60 |
| Farm | 9 | 720 | / | 180 |
| Altar of Kings | 1 | 180 | / | 50 |
| Arcane Vault | 1 | 130 | / | 30 |
| Blacksmith | 1 | 140 | / | 60 |
| Town Hall | 1 | 385 | / | 205 |
| Lumber Mill | 1 | 120 | / | 0 |
| Workshop | 1 | 140 | / | 140 |
| Gryphon Aviary | 1 | 140 | / | 150 |
| Keep | 1 | 320 | / | 210 |
| Castle | 1 | 360 | / | 210 |
| total: | 27 | 2415g | / | 1075w |
| 0:03 | Peasant |
| 0:03 | Peasant |
| 0:11 | Barracks |
| 0:17 | Farm |
| 0:33 | Peasant |
| 0:34 | Peasant |
| 0:52 | Altar of Kings |
| 0:56 | Farm |
| 1:04 | Peasant |
| 1:05 | Peasant |
| 1:09 | Peasant |
| 1:15 | Footman |
| 1:41 | Farm |
| 1:43 | Footman |
| 1:52 | Footman |
| 2:12 | Farm |
| 2:25 | Scout Tower |
| 2:30 | Black Arrow |
| 2:35 | Footman |
| 2:46 | Arcane Vault |
| 2:59 | Arcane Tower |
| 3:03 | Blacksmith |
| 3:26 | Footman |
| 4:06 | Peasant |
| 4:06 | Peasant |
| 4:10 | Peasant |
| 4:19 | Rifleman |
| 4:19 | Rifleman |
| 5:09 | Rifleman |
| 5:29 | Farm |
| 5:39 | Town Hall |
| 5:45 | Scout Tower |
| 5:52 | Lumber Mill |
| 5:57 | Farm |
| 6:20 | Arcane Tower |
| 6:28 | Peasant |
| 7:20 | Keep |
| 7:23 | Improved Masonry |
| 7:40 | Silence |
| 7:59 | Farm |
| 8:06 | Scout Tower |
| 8:10 | Scout Tower |
| 8:15 | Scout Tower |
| 8:21 | Rifleman |
| 8:21 | Rifleman |
| 8:27 | Scroll of Regeneration |
| 8:38 | Guard Tower |
| 8:40 | Guard Tower |
| 8:43 | Guard Tower |
| 8:57 | Black Arrow |
| 9:01 | Potion of Lesser Invulnerability |
| 9:45 | Castle |
| 9:46 | Improved Lumber Harvesting |
| 10:06 | Goblin Shredder |
| 10:25 | Workshop |
| 10:36 | Farm |
| 11:03 | Brilliance Aura |
| 11:16 | Farm |
| 11:19 | Studded Leather Armor |
| 11:19 | Black Gunpowder |
| 11:28 | Long Rifles |
| 11:56 | Gryphon Aviary |
| 13:11 | Mortar Team |
| 13:11 | Mortar Team |
| 13:27 | Gryphon Rider |
| 13:28 | Gryphon Rider |
| 13:29 | Dragonhawk Rider |
| 13:45 | Fragmentation Shards |
| 13:46 | Flare |
| 13:48 | Refined Gunpowder |
| 13:50 | Gryphon Rider |
| 13:50 | Storm Hammers |
| 13:57 | Potion of Lesser Invulnerability |
| 13:58 | Scroll of Healing |
| 13:59 | Scroll of Protection |
| 14:16 | Gryphon Rider |
| 14:16 | Gryphon Rider |
| 14:19 | Siege Engine |
| 14:19 | Siege Engine |
| 15:27 | Siege Engine |
| 17:20 | Mortar Team |
| 17:21 | Mortar Team |
| 17:22 | Gryphon Rider |
| 17:22 | Gryphon Rider |
| 18:01 | Cloud |
| 18:14 | Scout Tower |
| 18:16 | Scout Tower |
| 18:20 | Scout Tower |
| 18:23 | Scout Tower |
| 18:25 | Scout Tower |
| 18:44 | Guard Tower |
| 18:46 | Guard Tower |
| 19:01 | Guard Tower |
| 19:02 | Guard Tower |
| 19:04 | Advanced Masonry |
| 19:05 | Advanced Lumber Harvesting |
| 21:41 | Reinforced Leather Armor |
| 21:42 | Imbued Gunpowder |
| 21:53 | Potion of Lesser Invulnerability |
| 21:54 | Scroll of Protection |
| 21:54 | Scroll of Healing |
| Right click | 995 |
| Select | 279 |
| Select group | 190 |
| Assign group | 87 |
| Build/train/purchase | 83 |
| Use ability | 13 |
| Chat | 12 |
| Minimap ping | 9 |
| Item give/drop | 1 |
| Esc | 1 |


| Scroll of Speed | 1 | 50 |
| Healing Salve | 1 | 100 |
| Staff of Teleportation | 1 | 150 |
| Potion of Lesser Invulnerability | 1 | 150 |
| Boots of Speed | 1 | 250 |
| total: | 5 | 700g |
| Peon | 14 | 1050 | / | 0 |
| Raider | 8 | 1440 | / | 320 |
| Troll Batrider | 2 | 320 | / | 80 |
| Wind Rider | 1 | 265 | / | 40 |
| Demolisher | 5 | 1100 | / | 250 |
| Goblin Zeppelin | 2 | 480 | / | 120 |
| total: | 32 | 4655g | / | 810w |
| Altar of Storms | 1 | 180 | / | 50 |
| Orc Burrow | 8 | 1280 | / | 320 |
| War Mill | 1 | 205 | / | 0 |
| Voodoo Lounge | 1 | 130 | / | 30 |
| Barracks | 2 | 360 | / | 100 |
| Great Hall | 1 | 385 | / | 185 |
| Beastiary | 2 | 290 | / | 280 |
| Stronghold | 1 | 315 | / | 190 |
| Fortress | 1 | 325 | / | 190 |
| total: | 16 | 2830g | / | 965w |
| 0:03 | Peon |
| 0:03 | Peon |
| 0:20 | Peon |
| 0:51 | Peon |
| 0:51 | Peon |
| 1:21 | Stronghold |
| 1:27 | Altar of Storms |
| 1:31 | Orc Burrow |
| 2:08 | War Mill |
| 3:29 | War Stomp |
| 3:44 | Beastiary |
| 3:46 | Beastiary |
| 3:57 | Orc Burrow |
| 3:58 | Peon |
| 3:58 | Peon |
| 4:01 | Peon |
| 4:19 | Orc Burrow |
| 4:29 | Peon |
| 4:48 | Raider |
| 5:01 | Raider |
| 5:08 | Voodoo Lounge |
| 5:14 | Raider |
| 5:25 | Raider |
| 5:32 | Pillage |
| 5:42 | Raider |
| 5:49 | Orc Burrow |
| 5:52 | Orc Burrow |
| 6:02 | Raider |
| 6:13 | Steel Melee Weapons |
| 6:17 | Scroll of Speed |
| 6:24 | Healing Salve |
| 6:42 | Raider |
| 6:46 | Ensnare |
| 7:54 | Troll Batrider |
| 7:54 | Troll Batrider |
| 8:35 | Goblin Zeppelin |
| 9:05 | Raider |
| 9:26 | Goblin Zeppelin |
| 9:45 | Orc Burrow |
| 10:01 | Thorium Melee Weapons |
| 12:39 | Wind Rider |
| 12:48 | Fortress |
| 12:55 | Barracks |
| 12:56 | Barracks |
| 14:06 | Endurance Aura |
| 14:22 | Great Hall |
| 15:39 | Peon |
| 15:39 | Peon |
| 15:39 | Peon |
| 15:39 | Peon |
| 15:39 | Peon |
| 15:44 | Burning Oil |
| 15:45 | Demolisher |
| 17:04 | Orc Burrow |
| 17:06 | Orc Burrow |
| 17:27 | Hex |
| 17:29 | Demolisher |
| 17:39 | Steel Ranged Weapons |
| 18:14 | Demolisher |
| 18:48 | Demolisher |
| 19:24 | Thorium Ranged Weapons |
| 19:28 | Demolisher |
| 20:29 | Staff of Teleportation |
| 20:33 | Potion of Lesser Invulnerability |
| 20:49 | Boots of Speed |
| Right click | 1057 |
| Select | 294 |
| Select group | 235 |
| Build/train/purchase | 70 |
| Use ability | 39 |
| Misc. action | 38 |
| Assign group | 17 |
| Chat | 16 |
| Resource trade | 12 |
| Minimap ping | 6 |